 Dungeon Crawl Stone Soup version 0.24.0-7-gb3623d2c88 (webtiles) character file.

Game seed: 16700673969005472091, levelgen mode: deterministic

266 Aviak the Chopper (level 6, 0/52 HPs)
             Began as a Hill Orc Skald on Nov 2, 2019.
             Slain by a gnoll
             ... wielding a +0 spear
              (10 damage)
             ... on level 3 of the Dungeon.
             The game lasted 00:05:15 (3384 turns).

Aviak the Chopper (Hill Orc Skald)                  Turns: 3384, Time: 00:05:16

Health: 0/52       AC:  4    Str: 16    XL:     6   Next: 20%
Magic:  5/8        EV: 13    Int: 13    God:
Gold:   113        SH:  0    Dex: 10    Spells: 7/8 levels left

rFire    . . .     SeeInvis .   a - +0 hand axe
rCold    . . .     Gourm    .   (no shield)
rNeg     . . .     Faith    .   b - +0 leather armour
rPois    .         Spirit   .   r - +0 helmet (curse)
rElec    .         Reflect  .   (no cloak)
rCorr    .         Harm     .   (no gloves)
MR       .....                  (no boots)
Stlth    +.........             (no amulet)
HPRegen  0.17/turn              E - +1 ring of evasion
MPRegen  0.11/turn              (no ring)

@: lethally poisoned (0 -> -3), infused
A: no striking features
a: no special abilities


You were on level 3 of the Dungeon.
You were not hungry.

You visited 1 branch of the dungeon, and saw 4 of its levels.

You collected 113 gold pieces.

Inventory:

Hand Weapons
 a - a +0 hand axe (weapon)
Armour
 b - a +0 leather armour (worn)
 c - a +0 ring mail
 r - a cursed +0 helmet (worn)
Jewellery
 E - a +1 ring of evasion (left hand)
Scrolls
 f - 3 scrolls of identify {unknown}
 g - a scroll of magic mapping {unknown}
 h - 3 scrolls of teleportation {unknown}
 j - a scroll of amnesia {unknown}
 o - a scroll of blinking {unknown}
 p - 2 scrolls of fog {unknown}
Potions
 e - 2 potions of might {unknown}
 i - 2 potions of resistance {unknown}
 k - a potion of flight {unknown}
 l - a potion of magic {unknown}
 m - a potion of invisibility {unknown}
 n - a potion of heal wounds {unknown}
 q - a potion of agility {unknown}
 s - a potion of brilliance {unknown}
 t - 2 potions of mutation {unknown}
Comestibles
 d - 5 rations


   Skills:
 + Level 4.2 Fighting
 + Level 4.7 Axes
 + Level 3.3 Armour
 + Level 2.9 Dodging
 - Level 1.5 Spellcasting
 - Level 2.6 Charms


You had 7 spell levels left.
You knew the following spells:

 Your Spells              Type           Power        Failure   Level  Hunger
a - Infusion              Chrm           #...         11%         1    ##.....

Your spell library contained the following spells:

 Spells                   Type           Power        Failure   Level  Hunger
 Song of Slaying          Chrm           #.......     16%         2    ###....
 Shroud of Golubria       Chrm/Tloc      #.....       28%         2    ###....
 Regeneration             Chrm/Necr      #.........   50%         3    ####...
 Spectral Weapon          Hex/Chrm       #.......     50%         3    ####...


Dungeon Overview and Level Annotations

Branches:
Dungeon (4/15)
 Temple: D:4-7

Altars:
Cheibriados
Gozag
Trog
Vehumet


Message History

Casting: Infusion (safe; 11% risk of failure)
Confirm with . or Enter, or press ? or * to list all spells.
You begin infusing your attacks with magical energy.
You feel sick. The gnoll hits you with a +0 spear.
You hit the gnoll.
The gnoll is severely wounded.
The gnoll misses you.
You hit the gnoll.
The gnoll is almost dead.
You feel sick. The gnoll hits you with a +0 spear.
* * * LOW HITPOINT WARNING * * *
You closely miss the gnoll.
The gnoll is almost dead.
The gnoll hits you with a +0 spear.
* * * LOW HITPOINT WARNING * * *
Unknown command.
You barely miss the gnoll.
The gnoll is almost dead.
You feel sick. The gnoll barely misses you. The gnoll hits you with a +0 spear!
You die...

#.................# ##.....
#.................# #######......
#........<........###..........##
#.....................####...#.#
#...................#.####...#)#
#..............................#
##...............####........###
.#>#.............####..####..###
........#...####@.....## ##...##
....###.........g###########.....
....#...###.#..######.........###
#.....### #...........##....#####
.......####.....................#
.##..#......##..#...####.....>###
....#..................).######
........###..###.###...###### ##
.........##.## #.# #....#(..# #.


You could see a gnoll.

Vanquished Creatures
  An orc priest (D:4)
  An orc wizard (D:4)
  An iguana (D:4)
  2 worker ants
  4 gnolls (D:3)
  2 adders (D:2)
  2 worms
  4 leopard geckos
  5 orcs
  8 goblins
  10 hobgoblins
  6 jackals
  2 kobolds
  2 quokkas
  2 ball pythons (D:3)
  4 bats
  7 frilled lizards
  9 rats
72 creatures vanquished.

Notes
Turn   | Place    | Note
-------+----------+-------------------------------------------
     0 | D:1      | Aviak the Hill Orc Skald began the quest for the Orb.
     0 | D:1      | Reached XP level 1. HP: 18/18 MP: 3/3
   275 | D:1      | Reached XP level 2. HP: 20/25 MP: 0/4
  1071 | D:2      | Reached XP level 3. HP: 12/30 MP: 0/5
  1272 | D:2      | Found a snail-covered altar of Cheibriados.
  1400 | D:2      | Reached XP level 4. HP: 21/38 MP: 0/6
  2168 | D:3      | Reached XP level 5. HP: 35/45 MP: 1/7
  2563 | D:3      | Found a bloodstained altar of Trog.
  2563 | D:3      | Found an opulent altar of Gozag.
  2563 | D:3      | Found a radiant altar of Vehumet.
  2771 | D:4      | Reached XP level 6. HP: 25/52 MP: 0/8
  3384 | D:3      | Slain by a gnoll

Levels and vault maps discovered:
D:1:      tarquinn_simple_flora_water_b, layout_basic
D:2:      layout_rooms, old_standard_altar, minmay_liquid_box
D:3:      layout_rooms, gammafunk_temple_overflow_forgotten
D:4:      layout_cave_pods, kiku_gazebo_pond_becter, first_ration,
          minmay_quantized

Skill      XL: |  1  2  3  4  5 |
---------------+----------------+-----
Axes           | 3 4 |  4.7
Fighting       | 3 4 |  4.2
Dodging        | 2 |  2.9
Armour         | 2 3 |  3.3
Spellcasting   | |  1.5
Charms         | |  2.6

Action                   |  1- 3 |  4- 6 || total
-------------------------+-------+-------++-------
Melee: Hand axe          |    85 |   147 ||   232
 Cast: Infusion          |     8 |    10 ||    18
  Eat: Chunk             |     2 |     5 ||     7
       Ration            |       |     1 ||     1
Armor: Leather armour    |    14 |    26 ||    40
Dodge: Dodged            |    57 |   110 ||   167
